 Dungeon Crawl Stone Soup version 0.23-a0-183-gf37f6fb (webtiles) character file.

95 Felrender the Skirmisher (level 4, -1/40 HPs)
             Began as a Minotaur Fighter on Sept 22, 2018.
             Slain by a gnoll
             ... wielding a +0 spear
              (5 damage)
             ... on level 3 of the Dungeon.
             The game lasted 00:03:30 (1340 turns).

Felrender the Skirmisher (Minotaur Fighter)         Turns: 1340, Time: 00:03:31

Health: -1/40      AC:  7    Str: 20    XL:     4   Next: 39%
Magic:  3/3        EV:  8    Int:  5    God:
Gold:   67         SH:  9    Dex: 11    Spells: 3/3 levels left

rFire    . . .     SeeInvis .   a - +0 long sword
rCold    . . .     Gourm    .   c - +0 shield
rNeg     + . .     Faith    .   b - +0 scale mail
rPois    .         Spirit   .   (helmet restricted)
rElec    .         Reflect  .   (no cloak)
rCorr    .         Harm     .   (no gloves)
MR       .....                  (no boots)
Stlth    ..........             (no amulet)
HPRegen  0.13/turn              l - ring of positive energy
MPRegen  0.08/turn              (no ring)

@: no status effects
A: retaliatory headbutt, horns 2
a: no special abilities


You were on level 3 of the Dungeon.
You were not hungry.

You visited 1 branch of the dungeon, and saw 3 of its levels.

You collected 67 gold pieces.

Inventory:

Hand Weapons
 a - a +0 long sword (weapon)
 e - a +0 short sword
Armour
 b - a +0 scale mail (worn)
 c - a +0 shield (worn)
Jewellery
 l - a ring of positive energy (left hand)
Scrolls
 i - 3 scrolls of remove curse
 r - a scroll of blinking
 t - a scroll of immolation
Potions
 d - a potion of might
 h - a potion of degeneration {unknown}
 j - 2 potions of curing {unknown}
 k - a potion of heal wounds {unknown}
 m - 2 potions of flight {unknown}
 n - a potion of lignification {unknown}
 o - a potion of invisibility {unknown}
 p - a potion of haste {unknown}
 q - a potion of brilliance {unknown}
 s - a potion of resistance {unknown}
Comestibles
 f - 3 rations
 g - a chunk of flesh


   Skills:
 + Level 4.2 Fighting
 + Level 3.4 Long Blades
 + Level 4.1 Armour
 + Level 1.2 Dodging
 + Level 4.1 Shields
 * Level 1.6 Unarmed Combat


You had 3 spell levels left.
You didn't know any spells.
Your spell library was empty.

Dungeon Overview and Level Annotations

Branches:
Dungeon (3/15)

Altars:
The Shining One


Innate Abilities, Weirdness & Mutations

You reflexively headbutt those who attack you in melee.
You have a pair of horns on your head.


Message History

The gnoll is almost dead.
The gnoll hits you but does no damage. x2; You block the gnoll's attack.
The gnoll barely misses you. You furiously retaliate!
You headbutt the gnoll.
You kill the gnoll!
You block the leopard gecko's attack. The gnoll hits you with a spear.
* * * LOW HITPOINT WARNING * * *
Things that are here:
a spear; a flail of crushing You barely miss the gnoll.
The leopard gecko bites you but does no damage.
You block the gnoll's attack. The leopard gecko bites you.
* * * LOW HITPOINT WARNING * * *
You barely miss the gnoll. The leopard gecko bites you.
* * * LOW HITPOINT WARNING * * *
The gnoll hits you but does no damage.
You closely miss the gnoll. You block the leopard gecko's attack.
The gnoll barely misses you.
The leopard gecko bites you but does no damage.
You hit the gnoll but do no damage. The gnoll hits you with a spear.
You die...

### ###_###
.....
#♣...♣####
#.....##..
♣..g♣ #.#
###'# #.#
#..l####.###.#
#..g@)...<...#
##.#####.#####
#. #.# #. #.#
#. #.. #. ###
#. ..


You could see a gnoll and a leopard gecko.

Vanquished Creatures
  3 gnolls (D:3)
  2 oozes
  2 dart slugs (D:1)
  A leopard gecko (D:1)
  4 giant cockroaches
  9 goblins
  4 hobgoblins (D:1)
  7 jackals (D:1)
  5 kobolds
  A quokka (D:2)
  2 ball pythons (D:1)
  A bat (D:2)
  3 frilled lizards (D:1)
  7 rats
51 creatures vanquished.

Notes
Turn   | Place    | Note
-------+----------+-------------------------------------------
     0 | D:1      | Felrender the Minotaur Fighter began the quest for the Orb.
     0 | D:1      | Reached XP level 1. HP: 19/19 MP: 0/0
    78 | D:1      | Reached XP level 2. HP: 27/27 MP: 1/1
   282 | D:1      | Reached XP level 3. HP: 33/33 MP: 2/2
   942 | D:2      | Reached skill level 1 in Unarmed Combat
  1317 | D:3      | Found a glowing golden altar of the Shining One.
  1324 | D:3      | Reached skill level 1 in Dodging
  1324 | D:3      | Reached XP level 4. HP: 34/40 MP: 3/3
  1340 | D:3      | Slain by a gnoll

Vault maps used:
D:1:      onia_arrival_handbag
D:2:      first_ration, mrwooster_statue_mirror, minmay_misc_feat_encased,
          st_stairs_8, kennysheep_generic_room_10
D:3:      lemuel_blue_sif_altar, tso_altar

Skill      XL: |  1  2  3 |
---------------+----------+-----
Armour         | 4 |  4.1
Fighting       | 4 |  4.2
Long Blades    | 3 |  3.4
Unarmed Combat | 1 |  1.6
Shields        | 4 |  4.1
Dodging        | 1 |  1.2

Action                   |  1- 3 |  4- 6 || total
-------------------------+-------+-------++-------
Melee: Long sword        |   117 |    11 ||   128
       Headbutt          |    15 |       ||    15
  Use: Scroll            |     5 |       ||     5
  Eat: Chunk             |     2 |       ||     2
Armor: Scale mail        |    49 |     5 ||    54
Dodge: Dodged            |    34 |     4 ||    38
Block: Shield            |    60 |    11 ||    71
       Rpst.: Long sword |     6 |       ||     6

Table legend:
 A = Non-vault XP
 B = Vault XP
 C = Vault XP percentage of total XP
 D = Non-vault monster count
 E = Vault monster count
 F = Vault count percentage of total count
                 A         B        C        D         E       F
            +---------+---------+-------+---------+---------+-------
      Total |     130 |       6 |   4.4 |      46 |       5 |   9.8
            +---------+---------+-------+---------+---------+-------
        D:1 |      69 |       4 |   5.5 |      35 |       4 |  10.3
        D:2 |      12 |       2 |  14.3 |       7 |       1 |  12.5
        D:3 |      49 |       0 |   0.0 |       4 |       0 |   0.0
            +---------+---------+-------+---------+---------+-------
